 Dungeon Crawl Stone Soup version 0.19.0-22-gd96e5fe (webtiles) character file.

3998 Leszczynek the Grappler (level 10, -12/88 HPs)
             Began as a Ghoul Venom Mage on Nov 19, 2016.
             Was a Follower of Okawaru.
             Mangled by Snorg (24 damage)
             ... on level 10 of the Dungeon.
             The game lasted 00:20:10 (8028 turns).

Leszczynek the Grappler (Ghoul Venom Mage)          Turns: 8028, Time: 00:20:11

Health: -12/88     AC: 10    Str: 20    XL:     10   Next: 23%
Magic:  11/11      EV: 12    Int: 10    God:    Okawaru [*.....]
Gold:   570        SH:  6    Dex: 10    Spells: 0 memorised, 12 levels left

rFire  . . .     SeeInvis .       - Unarmed
rCold  + . .     Gourm    .     q - +0 ring mail
rNeg   + + +     Faith    .     A - +2 buckler {reflect}
rPois  ∞         Spirit   .     b - +2 hat
rElec  .         Reflect  +     g - +1 cloak
rCorr  +         Harm     .     (no gloves)
MR     .....                    (no boots)
Stlth  +.........               (no amulet)
                                l - ring of resist corrosion
                                a - +1 ring of protection

@: mighty, rotting
A: rotting body, claws 1, carnivore 3, cold resistance 1, negative energy
resistance 3, slow regeneration 1, torment resistance, unbreathing
a: Heroism, Renounce Religion


You were on level 10 of the Dungeon.
You worshipped Okawaru.
Okawaru was aware of your devotion.
You were not hungry.

You visited 2 branches of the dungeon, and saw 11 of its levels.

You collected 570 gold pieces.

Inventory:

Missiles
 v - 5 tomahawks (quivered)
Armour
 b - a +2 hat (worn)
 g - a +1 cloak (worn)
 q - a +0 ring mail (worn)
 A - a +2 buckler of reflection (worn)
Jewellery
 a - a +1 ring of protection (left claw)
 d - an uncursed ring of ice
 f - an uncursed ring of see invisible
 l - a ring of resist corrosion (right claw)
Wands
 h - a wand of slowing (11/48)
 i - a wand of slowing (14/48)
 n - a wand of disintegration (13/24)
 p - a wand of slowing (39/48)
 t - a wand of confusion (35/48)
Scrolls
 e - 5 scrolls of remove curse
 o - a scroll of fog
 r - a scroll of recharging
 x - 2 scrolls of enchant armour
 y - 4 scrolls of teleportation
Potions
 j - a potion of brilliance {unknown}
 k - a potion of heal wounds {unknown}
 m - a potion of flight
 s - 4 potions of curing
 u - a potion of might
 B - a potion of agility {unknown}
Comestibles
 c - 5 meat rations
 w - 3 beef jerkies
 z - 3 slices of pizza


   Skills:
 + Level 8.0 Fighting
 + Level 4.6 Dodging
 - Level 2.1 Stealth
 - Level 4.4 Shields
 * Level 11.1 Unarmed Combat
 - Level 1.7 Spellcasting
   Level 4.0 Poison Magic


You had 12 spell levels left.
You didn't know any spells.

Dungeon Overview and Level Annotations

Branches:
Dungeon (10/15)            Temple (1/1) D:7
   Lair: D:8-11         Orc: D:9-12

Altars:
Fedhas
Gozag
Hepliaklqana
Nemelex Xobeh
Okawaru
Qazlal
Ru
Trog
Uskayaw
Vehumet
Xom
The Shining One

Shops:
D:4 [

Portals:
Trove: D:10 (give +3 storm dragon scales)

Annotations:
D:3 Monkfish's ghost, amateur KoBe
D:5 Prince Ribbit
D:10 3 exclusions, Snorg


Innate Abilities, Weirdness & Mutations

Your body is rotting away.
You thrive on raw meat.
You are immune to poison.
You have sharp fingernails.
You are carnivorous and can eat meat at any time.
Your flesh is cold resistant. (rC+)
You are immune to negative energy. (rN+++)
You regenerate slowly when monsters are visible.
You are immune to unholy pain and torment.
You can survive without breathing.


Message History

Unknown command.
You mangle Snorg!!
Snorg is almost dead.
Snorg bites you.
You block Snorg's attack. x2; Snorg closely misses you.
Snorg claws you!!
* * * LOW HITPOINT WARNING * * *
Snorg claws you!
* * * LOW HITPOINT WARNING * * *
The leopard gecko misses you.
You claw Snorg!
Snorg is almost dead.
Snorg closely misses you. Snorg claws you.
* * * LOW HITPOINT WARNING * * *
You block Snorg's attack.
The leopard gecko bites you but does no damage.
Unknown command.
You claw Snorg!
Snorg is almost dead.
Snorg bites you!!
You die...

..... ....#
....# # #...##
###. #....# #)
##...##....#
##..
......#Tl..#
#...
#..$@...###...
##..........#
#.........#
##.)...#...#
#..........#
#...........#
#...#........#
#..##........#
..#
##.......###
..


You could see Snorg (berserk) and a leopard gecko.

Vanquished Creatures
  Pikel (D:6)
  Grinder (D:5)
  Menkaure (D:5)
  Duvessa (D:5)
  3 orc warriors
  A slave (D:6)
  A necrophage (D:6)
  4 ogres
  4 centaurs
  A phantom (D:4)
  2 bullfrogs
  Dowan (D:5)
  A scorpion (D:4)
  10 killer bees
  5 wights (D:10)
  3 crimson imps
  2 howler monkeys (D:8)
  A bullfrog zombie (D:5)
  2 quasits
  5 orc priests
  A hound (D:5)
  A jelly (D:3)
  A gnoll shaman (D:7)
  A bullfrog skeleton (D:6)
  5 orc wizards
  3 iguanas
  5 worker ants
  The ghost of herpmino the Ruffian, a weakling TrMo of Dithmenos (D:4)
  A hound skeleton (D:8)
  A hound zombie (D:6)
  A howler monkey zombie (D:6)
  A howler monkey skeleton (D:4)
  9 adders
  4 oozes
  2 adder skeletons (D:4)
  3 worms
  2 dart slugs
  8 leopard geckos
  21 orcs
  2 ball pythons
  8 giant cockroaches
  5 goblins
  4 hobgoblins
  8 jackals
  11 kobolds
  4 quokkas
  10 bats
  6 frilled lizards
  A jackal skeleton (D:8)
  A quokka skeleton (D:5)
  9 rats
190 creatures vanquished.

Vanquished Creatures (others)
  A slave (D:6)
  An ogre (D:6)
  A hound (D:6)
  An orc priest (D:6)
  2 orcs
  A giant cockroach (D:6)
7 creatures vanquished.

Grand Total: 197 creatures vanquished

Notes
Turn   | Place    | Note
-------+----------+-------------------------------------------
     0 | D:1      | Leszczynek the Ghoul Venom Mage began the quest for the Orb.
     0 | D:1      | Reached XP level 1. HP: 14/14 MP: 2/2
   230 | D:1      | Reached skill level 1 in Unarmed Combat
   300 | D:1      | Reached XP level 2. HP: 18/20 MP: 0/3
   407 | D:1      | Reached skill level 2 in Unarmed Combat
   412 | D:1      | HP: 2/20 [ball python (1)]
   425 | D:1      | HP: 2/20 [rat (3)]
   798 | D:1      | Reached XP level 3. HP: 11/26 MP: 0/4
   911 | D:1      | Reached skill level 3 in Unarmed Combat
  1073 | D:2      | Found a hide-covered altar of Uskayaw.
  1073 | D:2      | Noticed a hand axe
  1073 | D:2      | Noticed a hand axe
  1215 | D:2      | Reached XP level 4. HP: 12/33 MP: 5/5
  1278 | D:2      | Reached skill level 4 in Unarmed Combat
  1663 | D:3      | Noticed Monkfish's ghost (amateur KoBe)
  1883 | D:3      | Reached XP level 5. HP: 32/38 MP: 6/6
  2005 | D:3      | Found a glowing golden altar of the Shining One.
  2065 | D:3      | Noticed a centaur
  2088 | D:3      | Killed a centaur
  2088 | D:3      | Reached skill level 1 in Fighting
  2088 | D:3      | Reached skill level 5 in Unarmed Combat
  2151 | D:3      | Reached skill level 1 in Shields
  2238 | D:3      | Reached XP level 6. HP: 21/48 MP: 7/7
  2346 | D:3      | Reached skill level 2 in Fighting
  2346 | D:3      | Reached skill level 6 in Unarmed Combat
  2532 | D:3      | Found a shimmering altar of Xom.
  2752 | D:3      | Reached skill level 2 in Shields
  2971 | D:3      | Reached skill level 3 in Fighting
  2971 | D:3      | Reached XP level 7. HP: 54/57 MP: 8/8
  2996 | D:4      | Found Lyraewnaf's Antique Armour Emporium.
  3093 | D:4      | Noticed herpmino's ghost (weakling TrMo)
  3111 | D:4      | Killed herpmino's ghost
  3276 | D:4      | Reached skill level 3 in Shields
  3345 | D:4      | Reached skill level 4 in Fighting
  3632 | D:4      | Found a sparkling altar of Nemelex Xobeh.
  3700 | D:5      | Entered Level 5 of the Dungeon
  3790 | D:5      | Reached skill level 4 in Shields
  3790 | D:5      | Reached XP level 8. HP: 28/67 MP: 9/9
  3950 | D:5      | Noticed Prince Ribbit
  3995 | D:6      | Noticed Pikel
  4010 | D:6      | Reached skill level 7 in Unarmed Combat
  4021 | D:6      | Killed Pikel
  4021 | D:6      | Reached skill level 9 in Unarmed Combat
  4119 | D:5      | Noticed Grinder
  4137 | D:5      | Killed Grinder
  4137 | D:5      | Reached XP level 9. HP: 62/72 MP: 10/10
  4197 | D:5      | Reached skill level 10 in Unarmed Combat
  4239 | D:5      | Noticed Menkaure
  4249 | D:5      | Killed Menkaure
  4249 | D:5      | Reached skill level 5 in Fighting
  4336 | D:5      | Noticed Duvessa
  4337 | D:5      | Noticed Dowan
  4344 | D:5      | Killed Duvessa
  4355 | D:5      | Killed Dowan
  4892 | D:6      | Reached skill level 6 in Fighting
  4963 | D:6      | Reached skill level 2 in Dodging
  5020 | D:6      | Found a bloodstained altar of Trog.
  5436 | D:7      | Found a staircase to the Ecumenical Temple.
  5537 | Temple   | Entered the Ecumenical Temple
  5624 | Temple   | Became a worshipper of Warmaster Okawaru
  5739 | D:7      | Found a faded altar of an unknown god.
  5739 | D:7      | Found a faded altar of an unknown god.
  5746 | D:7      | Found a hazy altar of Hepliaklqana.
  5748 | D:7      | Found a faded altar of an unknown god.
  5750 | D:7      | Found a faded altar of an unknown god.
  5976 | D:7      | Reached skill level 3 in Dodging
  6231 | D:7      | Reached skill level 7 in Fighting
  6418 | D:8      | Found a stormy altar of Qazlal.
  7039 | D:9      | Reached * piety under Okawaru
  7055 | D:9      | Reached skill level 4 in Dodging
  7295 | D:9      | Reached XP level 10. HP: 84/85 MP: 11/11
  7511 | D:10     | Entered Level 10 of the Dungeon
  7514 | D:10     | Found a portal to a secret trove of treasure.
  7525 | D:10     | trove: +3 storm dragon scales
  7714 | D:10     | Reached skill level 11 in Unarmed Combat
  7744 | D:10     | Reached skill level 8 in Fighting
  8016 | D:10     | Noticed Snorg
  8017 | D:10     | oh fuck
  8028 | D:10     | Mangled by Snorg

Skill      XL: |  1  2  3  4  5  6  7  8  9 10 |
---------------+-------------------------------+-----
Unarmed Combat | 1 2 3 4 5 6 9 10 11 | 11.1
Fighting       | 1 3 4 7 8 |  8.0
Shields        | 1 2 4 |  4.4
Dodging        | 4 |  4.6
Stealth        | |  2.1
Spellcasting   | |  1.7
Poison Magic   | |  4.0

Action                   |  1- 3 |  4- 6 |  7- 9 | 10-12 || total
-------------------------+-------+-------+-------+-------++-------
Melee: Unarmed           |   135 |   256 |   422 |   100 ||   913
       Punch             |     2 |     1 |       |       ||     3
 Cast: Sting             |    14 |       |       |       ||    14
Evoke: Wand              |       |     3 |     5 |     1 ||     9
  Use: Potion            |       |     2 |       |     1 ||     3
       Scroll            |       |     9 |     9 |       ||    18
 Stab: Sleeping          |     2 |       |       |       ||     2
       Invisible         |       |     4 |       |       ||     4
       Distracted        |       |       |     1 |       ||     1
  Eat: Chunk             |    10 |    25 |    32 |    12 ||    79
Armor: Robe              |    17 |       |       |       ||    17
       Leather armour    |    33 |     3 |       |       ||    36
       Ring mail         |       |    94 |   108 |    34 ||   236
Dodge: Dodged            |    98 |   119 |   152 |    37 ||   406
Block: Buckler           |       |    33 |   110 |    32 ||   175
       Reflection        |       |     1 |     2 |     1 ||     4
